[Event "Titled Tuesday Blitz January 10 Late 2023"]
[White "Delaere, Jeroen"]
[Black "Corredor Castellanos, Camilo"]
[WhiteFideId "204129"]
[BlackFideId "4425871"]
[WhiteElo "2104"]
[BlackElo "1957"]
[Result "0-1"]
[Round "08"]
[TimeControl "180+2"]
[Date "2023.01.10"]
[WhiteClock "0:00:16"]
[BlackClock "0:01:20"]

1. d4 d5 2. c4 e6 3. Nc3 Nf6 4. cxd5 exd5 5. Bg5 Be7 6. e3 O-O 7. Bd3 h6 8. Bf4 c6 9. h3 Bd6 10. Bxd6 Qxd6 11. Nf3 Re8 12. Qc2 a5 13. O-O Be6 14. Rab1 Na6 15. a3 b5 16. Ne5 Nd7 17. f4 b4 18. axb4 Nxb4 19. Qe2 Nxe5 20. dxe5 Qb8 21. f5 Bc8 22. e6 fxe6 23. f6 Rf8 24. Qg4 Qc7 25. Bg6 e5 26. Qg3 Ra7 27. f7+ Kh8 28. Rbc1 Qe7 29. Bb1 e4 30. Nxe4 dxe4 31. Rc4 Nd3 0-1


[Site "https://www.chess.com"]

[Event "Titled Tuesday Blitz January 10 Late 2023"]
[White "Sailer, Mike"]
[Black "Muhammad, Shahzeb"]
[WhiteFideId "2012901"]
[BlackFideId "7804806"]
[WhiteElo "2109"]
[BlackElo "1853"]
[Result "0-1"]
[Round "08"]
[TimeControl "180+2"]
[Date "2023.01.10"]
[WhiteClock "0:00:04"]
[BlackClock "0:01:09"]

1. d4 Nf6 2. Bf4 e6 3. e3 d5 4. Bd3 Bd6 5. Bxd6 Qxd6 6. c3 O-O 7. Nd2 Nc6 8. f4 Nd7 9. Ngf3 f6 10. O-O b6 11. Qc2 h6 12. Bh7+ Kh8 13. Nh4 Ne7 14. Bd3 c5 15. Rae1 c4 16. Be2 f5 17. Nhf3 b5 18. Ne5 Nf6 19. Ndf3 a5 20. Nh4 Kg8 21. g4 fxg4 22. Bxg4 Nf5 23. Bxf5 exf5 24. Kh1 Ne4 25. Rg1 b4 26. Rg6 Rf6 27. Reg1 Ra7 28. Qg2 Qf8 29. Qf3 Be6 30. Nc6 Ra6 31. Rxg7+ Qxg7 32. Rxg7+ Kxg7 33. Qg2+ Kh7 34. Ne5 Ra7 35. Qe2 Rg7 0-1


[Site "https://www.chess.com"]

[Event "Titled Tuesday Blitz January 10 Late 2023"]
[White "Winkels, Marcel"]
[Black "Vaglio Munoz, Jaime"]
[WhiteFideId "1003887"]
[BlackFideId "6500145"]
[WhiteElo "1960"]
[BlackElo "2174"]
[Result "0-1"]
[Round "08"]
[TimeControl "180+2"]
[Date "2023.01.10"]
[WhiteClock "0:00:41"]
[BlackClock "0:01:41"]

1. d4 c6 2. e4 Qa5+ 3. Nc3 b5 4. Bd2 b4 5. Nce2 Qb6 6. Be3 d5 7. e5 Ba6 8. f4 e6 9. Nf3 h5 10. Ng3 Bxf1 11. Nxf1 g6 12. Qd2 Nh6 13. g3 Nf5 14. Bf2 c5 15. O-O-O Nc6 16. dxc5 Bxc5 17. Bxc5 Qxc5 18. Kb1 a5 19. h3 a4 20. Rg1 a3 21. b3 Na7 22. g4 hxg4 23. hxg4 Ne7 24. Qd4 Qa5 25. Ng3 Nb5 26. Qd2 Nc3+ 27. Ka1 Nxd1 28. Rxd1 Rc8 29. Nd4 Rh3 30. Qg2 Rh4 31. f5 Qc5 32. Nge2 gxf5 33. gxf5 Rxd4 34. Rxd4 Qxc2 0-1


[Site "https://www.chess.com"]

[Event "Titled Tuesday Blitz January 10 Late 2023"]
[White "Cueto, Jonny"]
[Black "Mitrovic, Darko R"]
[WhiteFideId "3300145"]
[BlackFideId "927023"]
[WhiteElo "2122"]
[BlackElo "2220"]
[Result "0-1"]
[Round "08"]
[TimeControl "180+2"]
[Date "2023.01.10"]
[WhiteClock "0:00:06"]
[BlackClock "0:01:36"]

1. d4 Nf6 2. Bf4 b6 3. f3 d5 4. c4 e6 5. Nc3 Bd6 6. Bxd6 Qxd6 7. e4 dxe4 8. fxe4 e5 9. Nf3 Nc6 10. d5 Ne7 11. Bd3 Bd7 12. O-O O-O 13. Qd2 Ng6 14. Ne2 a5 15. h3 Qc5+ 16. Kh2 a4 17. Rac1 Ne8 18. Rc3 f6 19. Bb1 Nd6 20. Qe3 Qxe3 21. Rxe3 Ne7 22. Rc1 Nb7 23. Ne1 Nc5 24. Nd3 Nc8 25. Nxc5 bxc5 26. Ra3 Nd6 27. Rcc3 Rfb8 28. b3 Kf7 29. Rxa4 Bxa4 30. bxa4 Rxb1 0-1


[Site "https://www.chess.com"]

[Event "Titled Tuesday Blitz January 10 Late 2023"]
[White "Soyunlu, Narmin"]
[Black "Jenkins, Drake"]
[WhiteFideId "13400843"]
[BlackFideId "2022397"]
[WhiteElo "2013"]
[BlackElo "2130"]
[Result "1-0"]
[Round "08"]
[TimeControl "180+2"]
[Date "2023.01.10"]
[WhiteClock "0:00:06"]
[BlackClock "0:00:02"]

1. c4 Nf6 2. g3 c5 3. Bg2 g6 4. Nc3 Bg7 5. Nf3 d5 6. cxd5 Nxd5 7. O-O O-O 8. Nxd5 Qxd5 9. d3 Nc6 10. Nd2 Qh5 11. Ne4 Bd7 12. Be3 b6 13. Rc1 Bxb2 14. Rc2 Bd4 15. Bf4 Rac8 16. Bf3 Bg4 17. Bg2 Bg7 18. Be3 Nd4 19. Bxd4 Bxd4 20. Qd2 Rfd8 21. Rb1 Be6 22. Qe1 Qf5 23. Nc3 c4 24. Nb5 cxd3 25. Rxc8 Rxc8 26. Nxd4 Qe5 27. Nxe6 Qxe6 28. exd3 Qxa2 29. Rc1 Rxc1 30. Qxc1 e6 31. Qc8+ Kg7 32. Qc3+ Kg8 33. Qc4 Qb1+ 34. Bf1 1-0


[Site "https://www.chess.com"]

[Event "Titled Tuesday Blitz January 10 Late 2023"]
[White "Atanasov, Radislav"]
[Black "Almedina Ortiz, Edgardo J."]
[WhiteFideId "2901471"]
[BlackFideId "3100197"]
[WhiteElo "2025"]
[BlackElo "2156"]
[Result "1-0"]
[Round "08"]
[TimeControl "180+2"]
[Date "2023.01.10"]
[WhiteClock "0:00:03"]
[BlackClock "0:00:11"]

1. e4 e5 2. Nf3 Nc6 3. Bb5 a6 4. Ba4 Nf6 5. O-O Be7 6. Re1 b5 7. Bb3 d6 8. c3 O-O 9. h3 Na5 10. Bc2 c5 11. d4 Qc7 12. Nbd2 cxd4 13. cxd4 Nc6 14. Nb3 a5 15. Be3 a4 16. Nbd2 Bd7 17. a3 Rfc8 18. Rc1 Qb7 19. Qe2 Bd8 20. Bb1 Ba5 21. Rcd1 b4 22. Nc4 Bc7 23. dxe5 dxe5 24. Bg5 Be6 25. Bxf6 gxf6 26. Nd6 Bxd6 27. Rxd6 bxa3 28. bxa3 Kh8 29. Nh4 Nd4 30. Qh5 Rg8 31. Rxd4 exd4 32. e5 f5 33. Qh6 Rg7 34. g3 Rag8 35. Bxf5 Bxf5 36. Nxf5 Rg6 37. Qh4 Re8 38. Qxd4 Qb3 39. e6+ f6 40. e7 Qxa3 41. Nd6 Rxg3+ 42. Kf1 Rxe7 43. Qxf6+ Rgg7 44. Rxe7 Qc1+ 45. Re1 Qa3 46. Re8# 1-0


[Site "https://www.chess.com"]

[Event "Titled Tuesday Blitz January 10 Late 2023"]
[White "Kabilov, Amin"]
[Black "Rodrigues, Leonardo De Miranda"]
[WhiteFideId "14700859"]
[BlackFideId "2108658"]
[WhiteElo "2207"]
[BlackElo "2112"]
[Result "1-0"]
[Round "08"]
[TimeControl "180+2"]
[Date "2023.01.10"]
[WhiteClock "0:00:20"]
[BlackClock "0:00:11"]

1. e4 c6 2. d4 d5 3. Nc3 dxe4 4. Nxe4 Nd7 5. Ng5 Ngf6 6. Bd3 e6 7. N1f3 Bd6 8. Qe2 h6 9. Ne4 Nxe4 10. Qxe4 Nf6 11. Qe2 O-O 12. O-O c5 13. c3 b6 14. Ne5 Bb7 15. Bf4 cxd4 16. cxd4 Rc8 17. Rac1 Qe7 18. Bb1 Rfd8 19. Rfd1 Ba8 20. f3 Qb7 21. Bd3 Qd5 22. Bc4 Qa5 23. Bd2 Bb4 24. Bxb4 Qxb4 25. Nxf7 Re8 26. Nxh6+ gxh6 27. Bxe6+ Kg7 28. Rxc8 Rxc8 29. Bxc8 Nd5 30. Qe5+ Kf8 31. Re1 Bc6 32. Qf5+ Kg7 33. Qe5+ Kf8 34. Be6 Ne7 35. Qf6+ Ke8 36. Bf7+ Kd8 37. Qe6 Bd5 38. Qxe7+ Qxe7 39. Rxe7 Kxe7 40. Bxd5 Kd6 41. Be4 1-0


[Site "https://www.chess.com"]

[Event "Titled Tuesday Blitz January 10 Late 2023"]
[White "De Souza, Cristiano Gomes"]
[Black "ritanovikova"]
[WhiteFideId "2151758"]
[WhiteElo "2018"]
[BlackElo "2115"]
[Result "1-0"]
[Round "08"]
[TimeControl "180+2"]
[Date "2023.01.10"]
[WhiteClock "0:01:43"]
[BlackClock "0:01:40"]

1. d4 Nf6 2. c4 e6 3. Nf3 d5 4. Nc3 c6 5. Bg5 Be7 6. Rc1 O-O 7. e3 h6 8. Bh4 a6 9. c5 Ne4 10. Bxe7 Qxe7 11. Bd3 Ng5 12. Ne5 Nd7 13. Nxd7 Bxd7 14. Kf1 e5 15. h4 exd4 16. hxg5 dxc3 17. gxh6 cxb2 18. Rb1 Qf6 19. hxg7 Qxg7 20. Bh7+ Qxh7 21. Rxh7 Kxh7 22. Qh5+ Kg7 23. Qg5+ Kh7 24. Ke2 1-0


[Site "https://www.chess.com"]

[Event "Titled Tuesday Blitz January 10 Late 2023"]
[White "Jodorcovsky Werjivker, Paulo"]
[Black "ajedrez-facil"]
[WhiteFideId "3700305"]
[WhiteElo "2182"]
[BlackElo "2127"]
[Result "1-0"]
[Round "08"]
[TimeControl "180+2"]
[Date "2023.01.10"]
[WhiteClock "0:00:18"]
[BlackClock "0:00:24"]

1. e4 c5 2. Nc3 a6 3. g3 b5 4. Bg2 Bb7 5. Nh3 e6 6. O-O Nf6 7. d3 d5 8. exd5 Nxd5 9. Nxd5 Bxd5 10. f4 Be7 11. f5 Bxg2 12. Kxg2 exf5 13. Rxf5 O-O 14. Be3 Nd7 15. Qf3 Rc8 16. Rf1 f6 17. Qd5+ Kh8 18. Nf4 Ne5 19. Qxd8 Rfxd8 20. Ne6 Rd7 21. h3 Rc6 22. Ng5 g6 23. Rxe5 fxe5 24. Nf7+ Kg7 25. Nxe5 Rdc7 26. Rf7+ Kg8 27. Bh6 Bd6 28. Rxc7 Rxc7 29. Ng4 Rf7 30. Bg5 Be7 31. Nh6+ Kf8 32. Nxf7 Kxf7 33. Bxe7 Kxe7 34. Kf3 Kf6 35. Kf4 Ke6 36. h4 h6 37. g4 a5 38. c3 a4 39. Ke4 g5 40. hxg5 hxg5 41. d4 cxd4 42. cxd4 b4 43. d5+ Kd6 44. Kd4 a3 45. bxa3 bxa3 46. Ke4 Kc5 47. Ke5 Kc4 48. d6 Kc3 49. d7 Kb2 50. d8=Q Kxa2 51. Qd4 Kb1 52. Qb4+ Ka2 53. Kd4 Ka1 54. Kc3 a2 55. Qb2# 1-0


[Site "https://www.chess.com"]

[Event "Titled Tuesday Blitz January 10 Late 2023"]
[White "Kovacevic, Radmila"]
[Black "Souza, Gustavo Horokoski De"]
[WhiteFideId "933171"]
[BlackFideId "2146584"]
[WhiteElo "2106"]
[BlackElo "1943"]
[Result "0-1"]
[Round "08"]
[TimeControl "180+2"]
[Date "2023.01.10"]
[WhiteClock "0:00:04"]
[BlackClock "0:00:06"]

1. e4 e6 2. d3 d5 3. Qe2 dxe4 4. dxe4 e5 5. Be3 Nf6 6. Nd2 Be6 7. h3 Nc6 8. c3 Bd6 9. g4 Qd7 10. Nc4 h5 11. Nxd6+ cxd6 12. gxh5 Nxe4 13. Bg2 Nf6 14. h6 g6 15. Bg5 Ng8 16. Qd2 f6 17. Be3 d5 18. O-O-O O-O-O 19. Ne2 Qh7 20. f4 Nxh6 21. fxe5 fxe5 22. Bg5 Rdf8 23. Bxd5 Bxd5 24. Qxd5 Nf5 25. Qe6+ Kc7 26. Nf4 Re8 27. Nd5+ Kb8 28. Qf6 Rhf8 29. Rhg1 Rxf6 30. Nxf6 Qh8 31. Nxe8 Qxe8 32. h4 e4 33. Rge1 e3 34. Rd3 Qe4 35. Rd7 Ne5 36. Rd8+ Kc7 37. Kd1 Qb1+ 38. Ke2 Qc2+ 0-1


[Site "https://www.chess.com"]

[Event "Titled Tuesday Blitz January 10 Late 2023"]
[White "Thomas, Anysia"]
[Black "Ali, Kairi G."]
[WhiteFideId "670472"]
[BlackFideId "9206655"]
[WhiteElo "2147"]
[BlackElo "1802"]
[Result "0-1"]
[Round "08"]
[TimeControl "180+2"]
[Date "2023.01.10"]
[WhiteClock "0:00:02"]
[BlackClock "0:00:49"]

1. d4 Nf6 2. c4 e6 3. Nf3 Bb4+ 4. Nbd2 d5 5. Qa4+ Nc6 6. a3 Be7 7. e3 O-O 8. Qc2 Bd7 9. Bd3 a6 10. O-O h6 11. b4 dxc4 12. Nxc4 b5 13. Nce5 Nxe5 14. Nxe5 a5 15. Bd2 axb4 16. axb4 Rxa1 17. Rxa1 Nd5 18. Ra7 Be8 19. Qb3 Qd6 20. e4 Nb6 21. Qc3 Na4 22. Qxc7 Qxd4 23. Qxe7 Qxe5 24. h3 Qd4 25. Ra8 Qxd3 26. Bf4 Qd7 27. Qh4 f6 28. Be3 Bf7 29. Ra7 Qd1+ 30. Kh2 Nc3 31. Qg3 Ne2 32. Qg4 Qg1# 0-1


[Site "https://www.chess.com"]

[Event "Titled Tuesday Blitz January 10 Late 2023"]
[White "Wang, Alexander J"]
[Black "Dias, Joao Batista"]
[WhiteFideId "30955270"]
[BlackFideId "2108240"]
[WhiteElo "1815"]
[BlackElo "1796"]
[Result "0-1"]
[Round "08"]
[TimeControl "180+2"]
[Date "2023.01.10"]
[WhiteClock "0:00:30"]
[BlackClock "0:01:33"]

1. e4 e5 2. Nf3 Nc6 3. Bb5 Nf6 4. O-O d6 5. d4 exd4 6. Nxd4 Bd7 7. Bxc6 bxc6 8. Qf3 c5 9. Nf5 g6 10. Ne3 Bg7 11. Nd5 Nxd5 12. exd5 O-O 13. c3 Rb8 14. b3 Re8 15. Bb2 Qg5 16. Na3 Qd2 17. Nc4 Qg5 18. Rfe1 Bb5 19. Ne3 Re7 20. Ng4 Rbe8 21. Rxe7 Rxe7 22. Ne3 h5 23. a4 Bd7 24. h3 a6 25. Re1 Re8 26. Nc2 Rxe1+ 27. Nxe1 Qd2 28. Nd3 Bxc3 29. Bxc3 Qxc3 30. Qe4 Qxb3 0-1


[Site "https://www.chess.com"]

[Event "Titled Tuesday Blitz January 10 Late 2023"]
[White "Kho, Darrell"]
[Black "Lutz, Igor Oscar"]
[WhiteFideId "1019317"]
[BlackFideId "2110806"]
[WhiteElo "2075"]
[BlackElo "1969"]
[Result "0-1"]
[Round "08"]
[TimeControl "180+2"]
[Date "2023.01.10"]
[WhiteClock "0:00:01"]
[BlackClock "0:00:07"]

1. e4 c5 2. Nf3 Nc6 3. Bb5 d6 4. d4 cxd4 5. Nxd4 Bd7 6. O-O Nf6 7. Nc3 e6 8. Re1 a6 9. Bxc6 bxc6 10. e5 dxe5 11. Rxe5 Bd6 12. Rg5 g6 13. Nf5 Bf8 14. Nd6+ Bxd6 15. Qxd6 Qe7 16. Bf4 Nd5 17. Qxe7+ Kxe7 18. Bd2 Rab8 19. b3 f6 20. Rg4 e5 21. Ra4 Rb6 22. Rd1 Bg4 23. f3 Bf5 24. Ne4 Bxe4 25. fxe4 Nf4 26. Bxf4 exf4 27. Rad4 Ke6 28. Kf2 Rc8 29. Kf3 g5 30. Rd7 Re8 31. R1d6+ Ke5 0-1


[Site "https://www.chess.com"]

[Event "Titled Tuesday Blitz January 10 Late 2023"]
[White "Andreikin, Dmitry"]
[Black "Xiong, Jeffery"]
[WhiteFideId "4158814"]
[BlackFideId "2047640"]
[WhiteElo "2729"]
[BlackElo "2692"]
[Result "1-0"]
[Round "09"]
[TimeControl "180+2"]
[Date "2023.01.10"]
[WhiteClock "0:00:03"]
[BlackClock "0:00:19"]

1. Nf3 d5 2. d4 Nf6 3. c4 dxc4 4. e3 e6 5. Bxc4 c5 6. O-O Nc6 7. Nc3 a6 8. d5 exd5 9. Nxd5 Bd6 10. e4 h6 11. e5 Nxd5 12. exd6 Nb6 13. Re1+ Kf8 14. Bb3 Bg4 15. Be3 Nd7 16. h3 Bh5 17. Qd5 Nf6 18. Qxc5 Bxf3 19. gxf3 Qd7 20. Bf4 g5 21. Be5 Qf5 22. Bc2 Qxf3 23. Re3 Nxe5 24. Rxf3 Nxf3+ 25. Kg2 Nh4+ 26. Kf1 Kg7 27. Bb3 Rac8 28. Qb4 b5 29. Re1 Nf3 30. Re7 Rhf8 31. d7 Rc1+ 32. Ke2 a5 33. Qd6 Ng1+ 34. Kd2 Rf1 35. d8=Q Rxf2+ 36. Ke1 Rxd8 37. Rxf7+ Kg6 38. Qxd8 Nxh3 39. Qd3+ Ne4 40. Qxe4+ Kh5 41. Rxf2 Nxf2 42. Kxf2 g4 43. Bd1 1-0


[Site "https://www.chess.com"]

[Event "Titled Tuesday Blitz January 10 Late 2023"]
[White "Indjic, Aleksandar"]
[Black "Paravyan, David"]
[WhiteFideId "911925"]
[BlackFideId "4194985"]
[WhiteElo "2618"]
[BlackElo "2601"]
[Result "0-1"]
[Round "09"]
[TimeControl "180+2"]
[Date "2023.01.10"]
[WhiteClock "0:00:10"]
[BlackClock "0:00:11"]

1. d4 Nf6 2. Nf3 g6 3. Bg5 Bg7 4. Nbd2 h6 5. Bh4 c5 6. Bxf6 Bxf6 7. Ne4 Qb6 8. Nxf6+ exf6 9. Rb1 d5 10. dxc5 Qxc5 11. c3 Nc6 12. e3 Kf8 13. Be2 Kg7 14. O-O Be6 15. Qd2 Rhd8 16. Rfd1 Rac8 17. Rbc1 Qb6 18. b3 a6 19. h3 Rc7 20. Bd3 Rdc8 21. Rc2 Qa5 22. Rdc1 Qa3 23. Nd4 Bd7 24. Ne2 Ne5 25. Nd4 h5 26. h4 Bg4 27. f3 Bd7 28. Kf2 Nc6 29. Ne2 Be6 30. Rd1 Ne5 31. Nd4 Bd7 32. Rdc1 Qa5 33. a4 Qb6 34. b4 Bxa4 35. Ra2 Bb5 36. Bxb5 axb5 37. Ne2 Nc6 38. Re1 Rd8 39. Nf4 Rcd7 40. Kg3 Qc7 41. Kf2 Kg8 42. Rea1 d4 43. Ra8 d3 44. e4 Ne7 45. Rxd8+ Qxd8 46. Rd1 f5 47. Qe3 fxe4 48. fxe4 Nc6 49. Kg3 Ne5 50. Nd5 Rxd5 51. exd5 Qxd5 52. Qf4 Kg7 53. Qd4 Qe6 54. Rxd3 f6 55. Re3 Qf5 56. Qf4 Qb1 57. Rxe5 fxe5 58. Qxe5+ Kh7 59. Qe7+ Kg8 60. Qe8+ Kh7 61. Qd7+ Kh6 62. Qxb7 Qe1+ 63. Kh2 Qxh4+ 64. Kg1 Qe1+ 65. Kh2 Qe5+ 66. Kg1 Kg5 67. Qf3 h4 68. Kf2 Qf4 69. c4 Qxc4 70. Qe3+ Qf4+ 71. Ke2 Qxe3+ 72. Kxe3 Kg4 73. Kf2 Kf4 74. Ke2 Kg3 75. Kf1 g5 76. Kg1 g4 77. Kf1 Kf4 78. Kf2 Ke4 79. Ke2 h3 80. gxh3 gxh3 81. Kf2 Kd4 82. Kg3 Kc4 83. Kxh3 Kxb4 84. Kg3 Kc3 85. Kf2 b4 86. Ke1 Kc2 87. Ke2 b3 0-1


[Site "https://www.chess.com"]

[Event "Titled Tuesday Blitz January 10 Late 2023"]
[White "Nakamura, Hikaru"]
[Black "Jobava, Baadur"]
[WhiteFideId "2016192"]
[BlackFideId "13601520"]
[WhiteElo "2775"]
[BlackElo "2578"]
[Result "1-0"]
[Round "09"]
[TimeControl "180+2"]
[Date "2023.01.10"]
[WhiteClock "0:00:21"]
[BlackClock "0:00:02"]

1. d4 Nf6 2. Bg5 e6 3. e4 h6 4. Bxf6 Qxf6 5. Nc3 Bb4 6. Qd2 d6 7. Nge2 e5 8. O-O-O O-O 9. f3 Nc6 10. a3 Bxc3 11. Qxc3 exd4 12. Nxd4 Nxd4 13. Rxd4 Be6 14. Qd2 Rad8 15. Be2 Qg5 16. g3 Qxd2+ 17. Rxd2 f5 18. exf5 Rxf5 19. f4 Rf6 20. Bf3 b6 21. Re1 Kf8 22. Rde2 Bd7 23. Bh5 g6 24. Bf3 Re8 25. Rxe8+ Bxe8 26. Re3 g5 27. fxg5 hxg5 28. Bd5 Rf1+ 29. Kd2 Rf2+ 30. Re2 Rxe2+ 31. Kxe2 Kg7 32. h4 Kf6 33. Ke3 Bg6 34. c3 Be8 35. Bf3 gxh4 36. gxh4 Kf5 37. Kd4 Bf7 38. h5 c5+ 39. Ke3 Kg5 40. Ke4 Kf6 41. Kf4 Be8 42. h6 Bd7 43. Be4 Be6 44. Bc2 Bf7 45. h7 Kg7 46. Kg5 d5 47. Bd3 Be6 48. Kf4 Bh3 49. Ke5 Bg2 50. Bf5 Bf3 51. Bc2 Bg2 52. Bb3 Kxh7 53. Bxd5 Bf1 54. Kd6 Kg6 55. Kc7 Kf5 56. Kb7 Ke5 57. Bf3 Kf4 58. Bh5 Ke3 59. Kxa7 b5 60. Kb6 b4 61. Kxc5 bxc3 62. bxc3 Kd2 63. Kd4 Kc2 64. a4 Kb3 65. Be8 Ka3 66. Bb5 Bg2 67. a5 Kb3 68. a6 Ka3 69. a7 Kb3 70. Kc5 Kxc3 71. Bc6 1-0


[Site "https://www.chess.com"]

[Event "Titled Tuesday Blitz January 10 Late 2023"]
[White "Mosadeghpour, Masoud"]
[Black "Naroditsky, Daniel"]
[WhiteFideId "12519278"]
[BlackFideId "2026961"]
[WhiteElo "2472"]
[BlackElo "2618"]
[Result "0-1"]
[Round "09"]
[TimeControl "180+2"]
[Date "2023.01.10"]
[WhiteClock "0:00:09"]
[BlackClock "0:00:02"]

1. e4 c6 2. d4 d5 3. Nd2 dxe4 4. Nxe4 Nf6 5. Nxf6+ gxf6 6. Bc4 Bf5 7. Nf3 e6 8. O-O Bd6 9. Nh4 Bg6 10. Re1 Qc7 11. g3 Nd7 12. Qf3 O-O-O 13. c3 Kb8 14. Bh6 Rhg8 15. b4 f5 16. a4 Nf6 17. b5 Bh5 18. Qd3 f4 19. Ng2 Rg6 20. Bxf4 Bxf4 21. Nxf4 Rg5 22. Qe3 Ng4 23. Qc1 cxb5 24. Bxe6 fxe6 25. Nxe6 Qf7 26. f4 Rgg8 27. Nxd8 Rxd8 28. axb5 Rd7 29. Qa3 b6 30. Qa2 Nf6 31. Re6 Nd5 32. Re5 Nxc3 33. Qd2 Nd5 34. Rae1 Bg6 35. Qa2 Qg8 36. Qa3 Bf7 37. Qf3 Qd8 38. f5 Qc7 39. f6 Qc4 40. Qg4 Qxb5 41. Qg7 Qc6 42. Qxh7 Qxf6 43. Rf1 Qg6 44. Rxf7 Qxf7 45. Qxf7 Rxf7 46. Rxd5 a5 47. h4 a4 48. Rb5 a3 49. Rb3 a2 50. Ra3 Ra7 0-1


[Site "https://www.chess.com"]

[Event "Titled Tuesday Blitz January 10 Late 2023"]
[White "Duda, Jan-Krzysztof"]
[Black "Zakhartsov, Vladimir"]
[WhiteFideId "1170546"]
[BlackFideId "4145097"]
[WhiteElo "2724"]
[BlackElo "2552"]
[Result "1-0"]
[Round "09"]
[TimeControl "180+2"]
[Date "2023.01.10"]
[WhiteClock "0:00:09"]
[BlackClock "0:00:01"]

1. d4 Nf6 2. Nc3 d5 3. Bf4 a6 4. e3 b5 5. Bd3 Bb7 6. Nce2 e6 7. Nf3 c5 8. c3 Nc6 9. O-O Be7 10. Ng3 O-O 11. h4 Bd6 12. h5 h6 13. Re1 Qc7 14. Bxd6 Qxd6 15. Nh4 Qe7 16. f4 b4 17. Nf3 Nd7 18. Rb1 a5 19. Nh1 Ba6 20. Bc2 bxc3 21. bxc3 cxd4 22. exd4 Nf6 23. Ng3 Rfc8 24. Ne5 Nxe5 25. fxe5 Rxc3 26. exf6 Qxf6 27. Ne2 Re3 28. Rb3 Rxe2 29. Rxe2 Bxe2 30. Qxe2 Qxd4+ 31. Qe3 Qxe3+ 32. Rxe3 Rc8 33. Ba4 Kf8 34. Rb3 Rc4 35. Rb8+ Ke7 36. Bb5 Rc5 37. Rb7+ Kf8 38. a4 d4 39. Rd7 e5 40. g4 Rc3 41. Kf2 g6 42. hxg6 fxg6 43. Rh7 Kg8 44. Rxh6 Kg7 45. g5 e4 46. Rh4 Rf3+ 47. Ke1 Re3+ 48. Kd2 Ra3 49. Rxe4 Rg3 50. Re5 Rg4 51. Kd3 Kf7 52. Bc6 Kg7 53. Be4 Kf7 54. Kxd4 Rg3 55. Rxa5 Rg4 56. Re5 1-0


[Site "https://www.chess.com"]

[Event "Titled Tuesday Blitz January 10 Late 2023"]
[White "Sevian, Samuel"]
[Black "Svane, Frederik"]
[WhiteFideId "2040506"]
[BlackFideId "12923044"]
[WhiteElo "2684"]
[BlackElo "2600"]
[Result "1/2-1/2"]
[Round "09"]
[TimeControl "180+2"]
[Date "2023.01.10"]
[WhiteClock "0:00:06"]
[BlackClock "0:00:04"]

1. d4 Nf6 2. c4 e6 3. Nf3 d5 4. Nc3 Nbd7 5. Bf4 dxc4 6. e3 b5 7. Nxb5 Bb4+ 8. Nc3 Nd5 9. Qc2 N7b6 10. Bg5 Qd7 11. Be2 Qa4 12. Qc1 Qa5 13. O-O Bxc3 14. bxc3 Nxc3 15. Re1 Nxe2+ 16. Rxe2 O-O 17. e4 Ba6 18. Rb1 Rab8 19. Reb2 c3 20. Rb3 Bd3 21. Ra3 Qxa3 22. Qxa3 Bxb1 23. Qxc3 Bxe4 24. Nd2 Nd5 25. Qg3 Bg6 26. h4 h5 27. Nc4 Rb1+ 28. Kh2 Rfb8 29. Ne5 Bf5 30. Bh6 g6 31. Nc6 R8b6 32. Ne7+ Kh7 33. Nxd5 exd5 34. Qe5 f6 35. Qe7+ Kxh6 36. Qf8+ Kh7 37. Qf7+ Kh6 38. Qf8+ Kh7 39. Qf7+ Kh6 40. Qf8+ 1/2-1/2


[Site "https://www.chess.com"]

[Event "Titled Tuesday Blitz January 10 Late 2023"]
[White "Zhigalko, Sergei"]
[Black "Sarana, Alexey"]
[WhiteFideId "13502956"]
[BlackFideId "24133795"]
[WhiteElo "2572"]
[BlackElo "2685"]
[Result "1/2-1/2"]
[Round "09"]
[TimeControl "180+2"]
[Date "2023.01.10"]
[WhiteClock "0:00:05"]
[BlackClock "0:00:02"]

1. e4 e5 2. Nf3 Nc6 3. Bb5 a6 4. Ba4 Bc5 5. O-O Nge7 6. c3 O-O 7. d4 Ba7 8. d5 b5 9. Bc2 Na5 10. Nxe5 d6 11. Nd3 Ng6 12. Nd2 Re8 13. Qf3 Qh4 14. Qg3 Qh5 15. Nf4 Nxf4 16. Qxf4 Bd7 17. Nf3 Nc4 18. b3 Ne5 19. Nxe5 Rxe5 20. Be3 Qe2 21. Bxa7 Rxa7 22. Rac1 Qh5 23. Qe3 Ra8 24. f4 Re7 25. Rce1 Rae8 26. Qd4 f6 27. c4 Qg6 28. c5 Qh5 29. b4 Bf5 30. Re3 Bc8 31. cxd6 cxd6 32. Qb6 Rd7 33. a4 Qf7 34. axb5 axb5 35. Bd3 Qe7 36. Bxb5 Rb7 37. Qc6 Rd8 38. Rc1 Rb8 39. Be2 Rxb4 40. Qc7 Bd7 41. Bf3 Rc8 42. Qxc8+ Bxc8 43. Rxc8+ Kf7 44. h3 Qa7 45. Rc3 Kg6 46. Kh2 Qd4 47. Bg4 h5 48. Bf5+ Kh6 49. Rg3 g5 50. fxg5+ fxg5 51. Rc8 h4 52. Rgc3 Qe5+ 53. Kh1 Rb1+ 54. Rc1 Rxc1+ 55. Rxc1 Kg7 56. Rf1 Qd4 57. Rf3 Qd1+ 58. Kh2 Qe1 59. Rd3 Kf6 60. Rf3 Ke5 61. Rd3 Qc1 62. Rf3 Kd4 63. Bg6 Qe1 64. Bf5 Qe2 65. Rb3 Qd2 66. Rf3 Qc1 67. Bg6 Qc8 68. Bf5 Qh8 69. Rb3 Qg7 70. Kh1 g4 71. Bxg4 Kxe4 72. Bf3+ Kf4 73. Rb4+ Ke3 74. Rb3+ Kf2 75. Rb1 Qd4 76. Rd1 Qc3 77. Rb1 Kg3 78. Rf1 Qd3 79. Re1 Kf2 80. Rd1 Qc2 81. Rg1 Qb2 82. Rd1 Qa2 83. Rg1 Qd2 84. Rd1 Qc2 85. Rg1 Ke3 86. Re1+ Kf4 87. Re4+ Kg3 88. Re1 Qd2 89. Rf1 Qd3 90. Rg1 Qc4 91. Rd1 Kf2 92. Rb1 Qd4 93. Rd1 Qe5 94. Rd2+ Kf1 95. Rd1+ Kf2 96. Rd2+ Kg3 97. Rd1 Kf4 98. Rf1 Kg5 99. Rg1 Qg3 100. Rf1 Kf6 101. Bg4+ Ke5 102. Bf3 Kd4 103. Rd1+ Ke3 104. Rg1 Kd2 105. Rd1+ Kc2 106. Rg1 Qf2 107. Ra1 Kb2 108. Rd1 Kc3 109. Rc1+ Kd4 110. Rd1+ Ke5 111. Rc1 Kf4 112. Rg1 Kg3 113. Rd1 Qc5 114. Re1 Kf2 115. Rg1 Qe3 116. Rd1 Qc3 117. Rb1 Qe5 118. Rg1 Qe3 119. Rd1 Qb3 120. Rc1 Qa4 121. Rb1 Qa2 1/2-1/2


[Site "https://www.chess.com"]

[Event "Titled Tuesday Blitz January 10 Late 2023"]
[White "Martinez Alcantara, Jose Eduardo"]
[Black "Rustemov, Alexander"]
[WhiteFideId "3805662"]
[BlackFideId "4119002"]
[WhiteElo "2619"]
[BlackElo "2525"]
[Result "1/2-1/2"]
[Round "09"]
[TimeControl "180+2"]
[Date "2023.01.10"]
[WhiteClock "0:00:32"]
[BlackClock "0:00:12"]

1. e4 e6 2. d4 d5 3. Nd2 dxe4 4. Nxe4 Bd7 5. Nf3 Bc6 6. Bd3 Nd7 7. Neg5 Ngf6 8. Qe2 Qe7 9. Bf4 h6 10. Ne4 Nxe4 11. Bxe4 Bxe4 12. Qxe4 O-O-O 13. O-O-O g5 14. Bd2 Bg7 15. Rhe1 Rhe8 16. h3 f5 17. Qd3 Qf7 18. Qa3 Kb8 19. Be3 a6 20. Kb1 e5 21. dxe5 Nxe5 22. Rxd8+ Rxd8 23. Nxe5 Bxe5 24. Qc5 Qd5 25. Qa7+ Kc8 26. a4 Bd6 27. f3 Re8 28. Rc1 f4 29. Bg1 Re2 30. Qa8+ Kd7 31. Qh8 Qe6 32. Qh7+ Kc6 33. Bd4 Rxg2 34. Qd3 Kd7 35. Qh7+ Kc6 36. Qd3 Qe2 37. Qc3+ Kd7 38. Qb3 b5 39. axb5 axb5 40. Bg7 Qc4 41. Qxc4 bxc4 42. Bxh6 Rg3 43. Rh1 Be7 44. Rd1+ Ke6 45. h4 gxh4 46. Bxf4 Rxf3 47. Bxc7 h3 48. Rd4 c3 49. b4 Bf6 50. Rd6+ Kf5 51. Rd5+ Ke4 52. Rh5 Bd4 53. b5 Rf5 54. Rh4+ Kd5 55. Ka2 Kc4 56. b6 Ra5+ 57. Kb1 Rb5+ 58. Kc1 Kd5 59. Rxh3 Bxb6 60. Rxc3 Bxc7 61. Rxc7 Kd6 62. Rh7 Rg5 63. Rh2 Kc6 64. Rd2 Kc5 65. Kb2 Kc4 66. Rd3 Rg4 67. Ra3 Kc5 68. Ra5+ Kb6 69. Ra3 Kc5 70. Rb3 Rb4 71. Ka2 Rxb3 72. Kxb3 Kb5 73. Kb2 Kb4 74. Kc1 Kc3 75. Kd1 Kc4 76. Kd2 Kd4 77. c3+ Kc4 78. Kc2 Kc5 79. Kd2 Kc4 80. Kc2 Kc5 81. Kb3 Kb5 82. c4+ Kc5 83. Kc3 Kc6 84. Kc2 Kc5 85. Kd3 Kc6 86. Kc3 Kc5 87. Kb3 Kc6 88. Kb4 Kb6 89. c5+ Kc6 90. Kc4 Kc7 91. Kd4 Kc6 92. Kc4 Kc7 93. Kd5 Kd7 94. c6+ Kc7 95. Kc5 Kc8 96. Kc4 Kc7 97. Kb5 Kc8 98. Kc5 Kc7 99. Kd5 Kc8 100. Kd6 Kd8 101. Ke6 Kc7 102. Kd5 Kc8 103. Kc4 Kc7 104. Kb5 Kc8 105. Kb6 Kb8 106. c7+ Kc8 107. Kc5 Kxc7 1/2-1/2


[Site "https://www.chess.com"]